 Dungeon Crawl Stone Soup version 0.29.1-2-gbd0b4ee654 (webtiles) character file.

Game seed: 11093743515985991328

323 Avanven the Shooter (level 6, -1/34 HPs)
             Began as a Kobold Arcane Marksman on Nov 5, 2022.
             Killed by nerve-wracking pain
             ... invoked by Menkaure
              (8 damage)
             ... on level 4 of the Dungeon.
             The game lasted 00:06:25 (3690 turns).

Avanven the Shooter (Kobold Arcane Marksman)        Turns: 3690, Time: 00:06:26

Health: -1/34      AC:  2    Str:  7    XL:     6   Next: 77%
Magic:  6/7        EV: 15    Int: 14    God:
Gold:   232        SH:  0    Dex: 18    Spells: 3/7 levels left

rFire   . . .      SeeInvis .   a - +1 sling (venom)
rCold   . . .      Faith    .   (no shield)
rNeg    . . .      Spirit   .   c - +0 robe
rPois   .          Reflect  .   (no helmet)
rElec   .          Harm     .   (no cloak)
rCorr   .          Rampage  .   (no gloves)
Will    .....                   (no boots)
Stlth   +++.......              (no amulet)
HPRegen 0.11/turn               (no ring)
MPRegen 0.10/turn               (no ring)

@: sluggish, attractive, very slow
A: small, no large weapons, nightstalker 3
a: no special abilities


You were on level 4 of the Dungeon.
You visited 1 branch of the dungeon, and saw 4 of its levels.

You collected 232 gold pieces.

Inventory:

Hand Weapons
 a - a +1 sling of venom (weapon)
 f - a +4 dagger of draining
Armour
 c - a +0 robe (worn)
 e - a +0 cloak
Jewellery
 i - a ring of wizardry
Scrolls
 k - 2 scrolls of identify
 l - a scroll of poison
Potions
 b - 2 potions of mutation {unknown}
 g - 5 potions of attraction
 h - 2 potions of curing {unknown}
 j - a potion of invisibility {unknown}
 m - a potion of ambrosia {unknown}


   Skills:
 - Level 1.1 Fighting
 * Level 7.4 Ranged Weapons
 - Level 2.4 Dodging
 - Level 1.1 Spellcasting
 - Level 3.7 Hexes
 + Level 2.4 Air Magic


You had 3 spell levels left.
You knew the following spells:

 Your Spells              Type           Power      Damage    Failure   Level
a - Slow                  Hex            44%        N/A       5%          1
b - Swiftness             Air            7%         N/A       28%         3

Your spell library contained the following spells:

 Spells                   Type           Power      Damage    Failure   Level
 Ensorcelled Hibernation  Hex/Ice        12%        N/A       19%         2
 Necrotise                Necr           0%         1d4       26%         1
 Passwall                 Tmut/Erth      0%         N/A       36%         2
 Inner Flame              Hex/Fire       6%         N/A       36%         3
 Portal Projectile        Hex/Tloc       12%        N/A       36%         3
 Vampiric Draining        Necr           0%         2d6       61%         3
 Cause Fear               Hex            5%         N/A       50%         4
 Corpse Rot               Necr/Pois/Air  3%         N/A       88%         4
 Dispel Undead            Necr           0%         3d6       95%         4
 Agony                    Necr           0%         N/A       100%        5
 Death Channel            Necr           0%         N/A       100%        6


Dungeon Overview and Level Annotations

Branches:
Dungeon (4/15)
 Temple: D:4-7

Altars:

Annotations:
D:4 Menkaure


Innate Abilities, Weirdness & Mutations

You are small and have problems with some larger weapons.
You are completely attuned to the shadows.


Message History

The sling bullet hits Menkaure but does no damage.
Menkaure is lightly damaged.
You shoot a sling bullet. The sling bullet hits Menkaure.
Menkaure is lightly damaged.
You shoot a sling bullet. The sling bullet hits Menkaure.
Menkaure is moderately damaged.
You start to feel a little slower.
You shoot a sling bullet.
The sling bullet closely misses Menkaure.
Menkaure calls on the powers of darkness!
Your body is wracked with pain!
Unknown command.
You shoot a sling bullet. The sling bullet hits Menkaure.
Menkaure is moderately damaged.
You shoot a sling bullet.
The sling bullet hits Menkaure but does no damage.
Menkaure is moderately damaged.
You feel sluggish.
You shoot a sling bullet. The sling bullet hits Menkaure.
Menkaure is heavily damaged.
You feel much better. Menkaure hits you.
You shoot a sling bullet. The sling bullet hits Menkaure.
Menkaure is severely damaged.
You shoot a sling bullet.
The sling bullet hits Menkaure but does no damage.
Menkaure is severely damaged.
Menkaure misses you.
You shoot a sling bullet.
The sling bullet barely misses Menkaure.
Menkaure hits you.
You shoot a sling bullet. The sling bullet hits Menkaure.
Menkaure is severely damaged.
Menkaure hits you!!
Ouch! That really hurt!
* * * LOW HITPOINT WARNING * * *
It was a potion of attraction.
You feel attractive to monsters.
Menkaure points at you and mumbles some strange words.
Pain shoots through your body!
You die...

.## #.# ##.## #.# #...##
#.# #PP..# #.# ### ##..##
#.# #.###....####.#
###.##.#........###
#......##......M'.#
###)######.....@#.# ###
#..)))###.......## #<#
#####.# #........# #.# #.#
#........###.# #)#
#............# #.#
#.......###..#
######.###.......####.##
#...##.##........+.)[..##
##.#.##.##........#####..#


You could see Menkaure.

Vanquished Creatures
  2 scorpions (D:4)
  2 orc wizards (D:4)
  Robin (D:4)
  An adder (D:2)
  3 gnolls (D:2)
  2 worms
  A dart slug (D:2)
  8 orcs
  3 ball pythons
  12 endoplasms
  2 giant cockroaches (D:2)
  12 goblins
  4 hobgoblins
  5 quokkas
  6 bats
  10 frilled lizards
  4 kobolds
  8 rats
86 creatures vanquished.

Vanquished Creatures (others)
  10 fungi
  3 toadstools (D:2)
13 creatures vanquished.

Grand Total: 99 creatures vanquished

Notes
Turn   | Place    | Note
-------+----------+-------------------------------------------
     0 | D:1      | Avanven the Kobold Arcane Marksman began the quest for the
                  | Orb.
     0 | D:1      | Reached XP level 1. HP: 12/12 MP: 2/2
    50 | D:1      | Reached skill level 3 in Ranged Weapons
   180 | D:1      | Reached XP level 2. HP: 16/16 MP: 3/3
   479 | D:1      | Reached XP level 3. HP: 20/20 MP: 4/4
   499 | D:1      | Reached skill level 4 in Ranged Weapons
   812 | D:2      | Found a faded altar of an unknown god.
  1014 | D:2      | Reached XP level 4. HP: 9/25 MP: 2/5
  1340 | D:2      | Reached skill level 5 in Ranged Weapons
  1480 | D:2      | Learned a level 3 spell: Swiftness
  2099 | D:2      | Reached XP level 5. HP: 29/29 MP: 6/6
  2934 | D:3      | Reached skill level 1 in Air Magic
  3307 | D:4      | Reached skill level 6 in Ranged Weapons
  3307 | D:4      | Reached XP level 6. HP: 34/34 MP: 7/7
  3331 | D:4      | Reached skill level 7 in Ranged Weapons
  3564 | D:4      | Noticed Robin
  3580 | D:4      | Killed Robin
  3665 | D:4      | Noticed Menkaure
  3690 | D:4      | Killed from afar by Menkaure

Illustrated notes

Levels and vault maps discovered:
D:1:      mushboom_english_gardens, layout_basic
D:2:      wad_river_or_something, layout_basic,
          dilly_ecumenical_altar_fadedgnrine, minmay_gold_behind_fungi
D:3:      layout_basic, serial_corexii_hall, corexii_hall_statues_u,
          chequers_hall_statues_wall_a, chequers_hall_statues_wall_a,
          chequers_hall_statues_y
D:4:      layout_basic, ebering_dispersal_statue_hall, uniq_menkaure,
          uniq_duvessa, uniq_crazy_yiuf_cottage, uniq_robin, uniq_eustachio

Skill      XL: |  1  2  3  4  5  6 |
---------------+-------------------+-----
Ranged Weapons | 3 4 5 6 7 |  7.4
Air Magic      | 1 2 |  2.4
Fighting       | |  1.1
Dodging        | |  2.4
Spellcasting   | |  1.1
Hexes          | |  3.7

Action                   |  1- 3 |  4- 6 || total
-------------------------+-------+-------++-------
Melee: Sling             |       |     1 ||     1
 Fire: Sling             |    84 |   143 ||   227
 Cast: Slow              |     3 |     8 ||    11
       Swiftness         |       |     1 ||     1
  Use: Scroll            |       |     9 ||     9
       Potion            |       |     2 ||     2
Armor: Robe              |     3 |    10 ||    13
Dodge: Dodged            |    12 |    45 ||    57
